 Dungeon Crawl Stone Soup version 0.26-a0-540-g8a0c9464d7 (webtiles) character file.

Game seed: 12628431555148755477

99 Acheron the Ducker (level 4, -1/27 HPs)
             Began as a Deep Elf Chaos Knight on Aug 15, 2020.
             Was a Plaything of Xom.
             Killed by nerve-wracking pain
             ... invoked by an orc priest
              (10 damage)
             ... on level 3 of the Dungeon.
             The game lasted 00:13:21 (1856 turns).

Acheron the Ducker (Deep Elf Chaos Knight)          Turns: 1856, Time: 00:13:23

Health: -1/27      AC:  5    Str: 10    XL:     4   Next: 45%
Magic:  9/9        EV: 13    Int: 17    God:    Xom [....*.]
Gold:   134        SH:  0    Dex: 14    Spells: 7/7 levels left

rFire    . . .     SeeInvis .   k - +4 dagger
rCold    . . .     Faith    .   (no shield)
rNeg     . . .     Spirit   .   b - +2 leather armour
rPois    .         Reflect  .   (no helmet)
rElec    .         Harm     .   (no cloak)
rCorr    .                      (no gloves)
MR       .....                  (no boots)
Stlth    ++........             (no amulet)
HPRegen  0.09/turn              (no ring)
MPRegen  0.11/turn              (no ring)

@: no status effects
A: no striking features
a: Renounce Religion


You were on level 3 of the Dungeon.
You worshipped Xom.
You were a beloved toy of Xom.
You visited 1 branch of the dungeon, and saw 3 of its levels.

You collected 134 gold pieces.

Inventory:

Hand Weapons
 a - a +0 falchion of chaos
 k - a +4 dagger (weapon)
   (You found it on level 1 of the Dungeon)
 n - a +0 rapier
   (You took it off a kobold on level 2 of the Dungeon)
 q - a +0 hand axe
   (You took it off an orc on level 3 of the Dungeon)
Missiles
 j - 56 sling bullets
 l - 37 stones (quivered)
 p - 7 boomerangs
Armour
 b - a +2 leather armour (worn)
Scrolls
 d - a scroll of remove curse {unknown}
 f - 4 scrolls of identify {@r1}
 h - 2 scrolls of fog {unknown}
 m - a scroll of blinking {unknown}
 o - a scroll of teleportation {unknown}
 s - a scroll of fear {unknown}
Potions
 e - a potion of degeneration {unknown}
 g - a potion of invisibility {unknown}
 i - a potion of mutation {unknown}
 r - a potion of brilliance {unknown}


   Skills:
 + Level 2.6 Fighting
 + Level 2.9 Long Blades
 * Level 1.8 Armour
 * Level 3.3 Dodging
 * Level 2.0 Stealth
 * Level 2.2 Spellcasting


You had 7 spell levels left.
You didn't know any spells.
Your spell library was empty.

Dungeon Overview and Level Annotations

Branches:
Dungeon (3/15)

Altars:
Fedhas
Nemelex Xobeh
Zin

Portals:
Sewer: D:3


Message History

Found a leather armour.
j - 56 sling bullets (gained 25)
Found a stone staircase leading down.
Found a morningstar.
You hear the quick rusting of a very distant drain.
You see here a morningstar. "Let's try an experiment, hmmm?"
Your leather armour briefly grows fur, then returns to normal.
You are now a beloved toy of Xom.
Things that are here:
a +0 ring mail; a +0 flail; a +0 whip
p - 7 boomerangs (gained 3)
Things that are here:
a +0 ring mail; a +0 hand axe
Things that are here:
a +0 ring mail; a +0 flail; a +0 whip You hear the quick rusting of a drain nearby.
l - 37 stones (gained 22)
The orc priest shouts!
An orc priest comes into view. It is wielding a +0 flail.
The orc priest shouts!
An orc comes into view. It is wielding a +0 club.
The orc priest moves out of view.
The orc priest calls down the wrath of Beogh upon you.
Pain shoots through your body!
You barely miss the orc priest.
The orc priest hits you with a +0 flail!
* * * LOW HITPOINT WARNING * * *
As you read the scroll labeled BIX ARUURAISS, it crumbles to dust.
It is a scroll of identify.
c - a potion of heal wounds The orc priest barely misses you.
You riposte.
You barely miss the orc priest.
You feel much better.
You hit the orc priest. You burn the orc priest. The orc priest misses you.
The orc priest calls down the wrath of Beogh upon you.
Pain shoots through your body!
You hit the orc priest but do no damage.
The orc priest calls down the wrath of Beogh upon you.
Beogh smites you!
* * * LOW HITPOINT WARNING * * *
The orc priest hits you but does no damage.
You hear a shout!
k - a +4 dagger (weapon)
You hear a shout!
The orc priest completely misses you.
You barely miss the orc priest.
The orc priest calls down the wrath of Beogh upon you.
Pain shoots through your body!
You die...
Xom cackles wildly!

[.####...#.....##.##..#
.....#......÷..>#.# ..#
.###....#.......#.# ..#
.###.#..#......<#.# o.
.##..#..##.....##.###oo.
.##....###......#..o....
......#............#
.##..##.#.......o#.#
.##............o@# ≈≈
....##.#.........# ≈..
....##.................∩
.<.....##########..≈≈...
.....### ..≈≈... ....##
..##≈≈. ...## ..# ≈.
.... ... . ...## ..#.


You could see 2 orc priests.

Vanquished Creatures
  3 adders (D:2)
  An ooze (D:1)
  A worm (D:3)
  4 dart slugs (D:2)
  A leopard gecko (D:3)
  4 orcs (D:3)
  A ball python (D:2)
  4 giant cockroaches
  5 goblins
  9 hobgoblins
  3 jackals (D:2)
  4 bats
  A frilled lizard (D:1)
  2 kobolds
  8 rats
51 creatures vanquished.

Vanquished Creatures (others)
  A jackal (D:2)
1 creature vanquished.

Grand Total: 52 creatures vanquished

Notes
Turn   | Place    | Note
-------+----------+-------------------------------------------
     0 | D:1      | Acheron the Deep Elf Chaos Knight began the quest for the
                  | Orb.
     0 | D:1      | Reached XP level 1. HP: 13/13 MP: 3/3
   138 | D:1      | Reached skill level 1 in Armour
   191 | D:1      | Reached XP level 2. HP: 13/18 MP: 4/4
   442 | D:1      | Reached skill level 1 in Stealth
   466 | D:1      | Reached skill level 1 in Spellcasting
   490 | D:1      | XOM: cloud trail
   839 | D:2      | Reached XP level 3. HP: 16/22 MP: 6/6
   842 | D:2      | Reached skill level 3 in Dodging
   866 | D:2      | Found a blossoming altar of Fedhas.
   866 | D:2      | XOM: 2-stop teleportation journey
   912 | D:2      | XOM: divination: detect creatures
  1029 | D:2      | XOM: noise
  1093 | D:2      | Reached XP level 4. HP: 17/27 MP: 8/8
  1274 | D:3      | XOM: butterfly on damage
  1310 | D:3      | Found a glowing silver altar of Zin.
  1539 | D:3      | Found a glowing drain.
  1539 | D:3      | XOM: silly message
  1639 | D:3      | Found a sparkling altar of Nemelex Xobeh.
  1688 | D:3      | XOM: divination: detect creatures
  1771 | D:3      | XOM: silly message
  1795 | D:3      | XOM: silly message
  1856 | D:3      | Killed from afar by an orc priest

Illustrated notes

Levels and vault maps discovered:
D:1:      dpeg_arrival_orchard, layout_basic, minmay_hexomino_u4
D:2:      cheibrodos_pilgrimage, layout_basic, lemuel_round_altar
D:3:      layout_rooms, old_standard_altar, old_standard_altar,
          cheibrodos_sewer_entry_sluice, chequers_serial_rivers_micro_d,
          minmay_joined_circles

Skill      XL: |  1  2  3  4 |
---------------+-------------+-----
Armour         | 1 |  1.8
Stealth        | 1 2 |  2.0
Spellcasting   | 1 2 |  2.2
Dodging        | 3 |  3.3
Fighting       | |  2.6
Long Blades    | |  2.9

Action                   |  1- 3 |  4- 6 || total
-------------------------+-------+-------++-------
Melee: Falchion          |    97 |    41 ||   138
       Dagger            |       |     1 ||     1
  Use: Scroll            |       |     1 ||     1
       Potion            |       |     1 ||     1
 Stab: Petrifying        |     1 |       ||     1
       Paralysed         |       |     3 ||     3
       Sleeping          |       |     1 ||     1
Armor: Leather armour    |    35 |     4 ||    39
Dodge: Dodged            |    75 |    17 ||    92
       Rpst.: Falchion   |    35 |     6 ||    41

Table legend: (Time is in decaauts)
 A = Elapsed time spent in this place.
 B = Non-inter-level travel time spent in this place.
 C = Inter-level travel time spent in this place.
 D = Time resting spent in this place.
 E = Time spent auto-exploring this place.
 F = Levels seen in this place.
 G = Mean time per level.
                   A        B        C        D        E       F      G
               +--------+--------+--------+--------+--------+-----+--------+
         Total |   1879 |   1879 |      0 |    549 |    410 |   3 |  626.3 |
       Dungeon |   1879 |   1879 |      0 |    549 |    410 |   3 |  626.3 |
               +--------+--------+--------+--------+--------+-----+--------+

Top non-repeatable levels by time:
     D:1: 818 daAuts
     D:3: 623 daAuts
     D:2: 437 daAuts
